 Dungeon Crawl Stone Soup version 0.29.1-15-g9cfb28693d (webtiles) character file.

Game seed: 1213896137145016612

217 mortz the Digger (level 5, 28/28 HPs)
             Began as a Gargoyle Earth Elementalist on Feb 18, 2023.
             Quit the game on level 2 of the Dungeon on Sept 9, 2023.
             The game lasted 00:14:49 (2359 turns).

mortz the Digger (Gargoyle Earth Elementalist)      Turns: 2359, Time: 00:14:49

Health: 28/28      AC:  6    Str: 12      XL:     5   Next: 94%
Magic:  9/9        EV: 12    Int: 16 (17) God:
Gold:   121        SH:  0    Dex:  9 (10) Spells: 6/9 levels left

rFire   . . .      SeeInvis .   h - +0 dagger (venom)
rCold   . . .      Faith    .   (no shield)
rNeg    + . .      Spirit   .   a - +0 robe
rPois   ∞          Reflect  .   (no helmet)
rElec   +          Harm     .   (no cloak)
rCorr   .          Rampage  .   (no gloves)
Will    .....                   (no boots)
Stlth   ++........              r - amulet of the acrobat
HPRegen 0.09/turn               (no ring)
MPRegen 0.11/turn               (no ring)

@: no status effects
A: sickness immunity, AC +4, negative energy resistance 1, electricity
resistance, torment resistance 1, petrification resistance
a: no special abilities


You were on level 2 of the Dungeon.
You visited 1 branch of the dungeon, and saw 2 of its levels.

You collected 121 gold pieces.

Inventory:

Hand Weapons
 f - a +0 dagger
 h - a +0 dagger of venom (weapon)
 j - a +0 short sword
 l - a +0 hand axe
 s - a +0 hand axe of electrocution
 v - a +0 shortbow
 w - a +0 sling
Missiles
 g - 11 poisoned darts
 o - 6 atropa-tipped darts
Armour
 a - a +0 robe (worn)
 k - a +0 ring mail
Jewellery
 r - an amulet of the acrobat (around neck)
 u - an amulet of faith
Wands
 q - a wand of polymorph (2)
Scrolls
 b - a scroll of teleportation {unknown}
 d - a scroll of enchant armour {unknown}
 e - a scroll of blinking {unknown}
 m - 2 scrolls of identify {unknown}
 t - a scroll of immolation {unknown}
 y - a scroll of butterflies {unknown}
Potions
 c - a potion of haste
 i - a potion of lignification
 n - 2 potions of flight
 p - a potion of magic


   Skills:
 + Level 2.5 Dodging
 + Level 3.6 Stealth
 + Level 2.9 Spellcasting
 + Level 2.0 Transmutations
 + Level 4.7 Earth Magic


You had 6 spell levels left.
You knew the following spells:

 Your Spells              Type           Power      Damage    Failure   Level
a - Sandblast             Erth           34%        2d9       2%          1
p - Passwall              Tmut/Erth      10%        N/A       7%          2

Your spell library contained the following spells:

 Spells                   Type           Power      Damage    Failure   Level
 Sting                    Tmut/Pois      20%        1d4       12%         1
 Slow                     Hex            8%         N/A       19%         1
 Stone Arrow              Conj/Erth      18%        3d8       22%         3
 Poisonous Vapours        Pois/Air       4%         N/A       28%         2
 Petrify                  Tmut/Erth      13%        N/A       43%         4
 Confusing Touch          Hex            2%         N/A       50%         3
 Ozocubu's Armour         Ice            2%         N/A       50%         3
 Vampiric Draining        Necr           2%         2d6       50%         3
 Olgreb's Toxic Radiance  Pois           2%         N/A       88%         4
 Ozocubu's Refrigeration  Ice            1%         4d7       100%        7


Dungeon Overview and Level Annotations

Branches:
Dungeon (2/15) Zot: 9623

Altars:


Innate Abilities, Weirdness & Mutations

You are immune to sickness and miasma.
Your stone body is resilient. (AC +4)
You are immune to poison.
You resist negative energy. (rN+)
You are resistant to electric shocks. (rElec)
You are resistant to unholy torment.
You are immune to petrification.


Message History

The blast of sand hits Sigmund but does no damage.
Sigmund is almost dead.
Aiming: Sandblast (safe; 4% risk of failure)
Press: ? - help, Q - select action, (/) - cycle Shift-Dir - straight line, f/p - Sigmund
Aim: Sigmund, wielding a +0 scythe, wearing a +0 robe and carrying a wand of polymorph (2) (almost dead, 80% to hit)
The blast of sand misses Sigmund.
Aiming: Sandblast (safe; 4% risk of failure)
Press: ? - help, Q - select action, (/) - cycle Shift-Dir - straight line, f/p - Sigmund
Aim: Sigmund, wielding a +0 scythe, wearing a +0 robe and carrying a wand of polymorph (2) (almost dead, 80% to hit)
The blast of sand hits Sigmund!
You kill Sigmund!
You feel your strength returning.
You feel your intelligence returning.
You feel your dexterity returning.
Your Stealth skill increases to level 3!
Your Transmutations skill increases to level 2!
You have reached level 4!
You feel stronger.
You have reached level 5!
You cannot move.
You start resting.
Your transformation is almost over.
Your extra speed is starting to run out.
You start resting.
You feel less wooden.
Your +0 robe unmelds from your body.
You start resting.
You feel yourself slow down.
You start resting.
Magic restored.
You start resting.
HP restored.
You start waiting.
Done waiting.
q - a wand of polymorph (2)
Things that are here:
a +0 scythe; a +0 robe Done exploring.
Welcome back, mortz the Gargoyle Earth Elementalist.
Press ? for a list of commands and other information.
Are you sure you want to abandon this character and quit the game? (Confirm with "yes".)

#....#.....
#.##.#.###.
########.##.#.# #.
#........##.#.###.
#.#####..##.#.....
#.# #..#........
#.# #..#..#.....
#.# #..#..#....#
#@#####..#.......#
#.......>..###....
#######....#.#.###
#.#..##..#.#
#.#....88.##
#.#.##.88...
#.#.#.#..##.
#...###.#.#.
#.#.....###.


There were no monsters in sight!

Vanquished Creatures
  Sigmund (D:2)
  An adder (D:2)
  3 worms (D:2)
  3 ball pythons
  2 endoplasms
  3 giant cockroaches
  4 goblins
  4 hobgoblins
  3 jackals (D:1)
  3 kobolds
  6 bats
  2 frilled lizards
  2 rats (D:2)
37 creatures vanquished.

Notes
Turn   | Place    | Note
-------+----------+-------------------------------------------
     0 | D:1      | mortz the Gargoyle Earth Elementalist began the quest for
                  | the Orb.
     0 | D:1      | Reached XP level 1. HP: 10/10 MP: 3/3
   318 | D:1      | Reached skill level 1 in Transmutations
   318 | D:1      | Reached XP level 2. HP: 15/15 MP: 3/5
   342 | D:1      | You fall into a shaft and drop 1 floor!
   715 | D:1      | Learned a level 2 spell: Passwall
   841 | D:1      | Reached XP level 3. HP: 19/19 MP: 1/6
   955 | D:1      | Found a faded altar of an unknown god.
   963 | D:1      | Reached skill level 4 in Earth Magic
  2017 | D:2      | Noticed Sigmund
  2055 | D:2      | Killed Sigmund
  2056 | D:2      | Reached XP level 4. HP: 14/24 MP: 0/8
  2056 | D:2      | Reached XP level 5. HP: 16/28 MP: 0/9
  2359 | D:2      | Upgraded the game from 0.29.1-14-g9c671dbff4 to
                  | 0.29.1-15-g9cfb28693d
  2359 | D:2      | Quit the game

Illustrated notes

Levels and vault maps discovered:
D:1:      arrival_zaba_pyramid, layout_basic, basic_ecumenical_altar,
          minmay_misc_feat_encased
D:2:      layout_basic, minmay_heptomino_o4, uniq_sigmund

Skill      XL: |  1  2  3 |
---------------+----------+-----
Transmutations | 1 2 |  2.0
Earth Magic    | 4 |  4.7
Dodging        | 2 |  2.5
Stealth        | 3 |  3.6
Spellcasting   | |  2.9

Action                   |  1- 3 |  4- 6 || total
-------------------------+-------+-------++-------
Melee: Unarmed           |     7 |       ||     7
       Dagger            |     2 |       ||     2
 Cast: Sandblast         |    76 |       ||    76
  Use: Potion            |     5 |       ||     5
Armor: Robe              |     9 |       ||     9
       Skin              |     5 |       ||     5
Dodge: Dodged            |    37 |       ||    37
